AoeStats
← Isaac_Hayes

Nomad

510811443Analyzed
3v3 RM · 10h ago on Oct 2, 2026· 33m 42s· 6 players
Game mode
Random Map
Map size
210×210
Population
200
Speed
Normal
Resources
Standard
Victory
Conquest
Starting age
Dark Age
Ending age
Imperial Age
RankedLock teamsTeams togetherTeam positionsShared explorationLock speedFull tech treeHidden civsTurbo modeCheats
Victory
Defeat
🇧🇾 Saxons · Belarus
1380
+14
🇺🇦 Aztecs · Ukraine
1369
+14
🇧🇾 Byzantines · Belarus
1360
+15
🇩🇪 Magyars · Germany
1349
-15
🇨🇴 Tatars · Colombia
1334
-14
🇩🇪 Poles · Germany
1313
-14
WallyGoodberg
3:43 Loom
13:03 Feudal Age
13:29 Town Watch
13:48 Stone Mining
15:00 Wheelbarrow
14:15 Double-Bit Axe
15:40 Fletching
18:32 Horse Collar
23:50 Castle Age
24:36 Town Patrol
24:44 Heavy Plow
29:28 Gold Mining
34:50 Imperial Age
32:27 Scale Barding Armor
33:36 Szlachta Privileges
34:34 Chain Barding Armor
CroCkeR
4:56 Loom
13:47 Feudal Age
17:58 Castle Age
17:11 Double-Bit Axe
17:32 Horse Collar
18:57 Fletching
Isaac_Hayes
7:26 Loom
15:14 Feudal Age
17:24 Wheelbarrow
16:50 Fletching
17:37 Fishing Lines
18:33 Man-at-Arms
30:15 Arson
NiL
5:52 Loom
13:08 Feudal Age
13:11 Man-at-Arms
14:43 Double-Bit Axe
15:17 Arson
16:57 Horse Collar
20:01 Castle Age
19:19 Scale Mail Armor
20:41 Wheelbarrow
20:03 Fletching
21:17 Fishing Lines
22:44 Town Watch
23:00 Pikeman
23:58 Hand Cart
25:41 Forging
25:34 Gillnets
26:06 Squires
28:00 Gambesons
28:32 Chain Mail Armor
So sad
4:38 Loom
14:42 Feudal Age
17:50 Fishing Lines
22:54 Castle Age
23:17 Double-Bit Axe
24:28 Wheelbarrow
24:39 Bow Saw
24:49 Gold Mining
28:30 Arson
28:47 Squires
32:14 Scale Mail Armor
32:25 Forging
33:20 Chain Mail Armor
HURMA
5:18 Loom
13:27 Feudal Age
14:51 Fishing Lines
19:44 Castle Age
17:47 Stone Mining
20:36 Wheelbarrow
21:03 Gillnets
21:42 Scale Mail Armor
21:53 Forging
23:35 Chain Mail Armor
23:56 Iron Casting
23:37 Fletching
25:14 Double-Bit Axe
26:18 Hand Cart
27:20 Arson
27:36 Squires
27:36 Bodkin Arrow
28:31 Gold Mining
31:35 Bow Saw
32:06 Medium Warships
31:56 Town Watch
Connection lost

Rejoining the realm…

Still unreachable

The connection could not be restored.

Session expired

The server has moved on; the page needs a fresh start.